 Dungeon Crawl Stone Soup version 0.31-a0-818-ge7c7cf74f0 (webtiles) character file.

Game seed: 4402985222975607841

67 Demosthentine the Poker (level 4, 34/34 HPs)
             Began as a Demonspawn Gladiator on Sept 22, 2023.
             Got out of the dungeon alive.
             The game lasted 00:01:42 (1340 turns).

Demosthentine the Poker (Demonspawn Gladiator)      Turns: 1340, Time: 00:01:42

Health: 34/34      AC:  6    Str: 17    XL:     4   Next: 0%
Magic:  4/4        EV: 12    Int:  9    God:
Gold:   14         SH:  0    Dex: 14    Spells: 3/3 levels left

rFire   . . .        a - +0 trident
rCold   . . .        (no shield)
rNeg    . . .        b - +0 leather armour
rPois   .            c - +0 helmet
rElec   .            (no cloak)
rCorr   .            (no gloves)
SInv    .            h - +0 pair of boots
Will    .....        (no amulet)
Stlth   +            (no ring)
HPRegen 0.25/turn    (no ring)
MPRegen 0.09/turn

%: no passive effects
@: no status effects
A: claws 1, foul stench 1, sharp scales 1
a: no special abilities


You escaped.
You visited 1 branch of the dungeon, and saw 2 of its levels.

You collected 14 gold pieces.

Inventory:

Hand Weapons
 a - a +0 trident (weapon)
Missiles
 d - 3 throwing nets (quivered)
 e - a javelin
Armour
 b - a +0 leather armour (worn)
 c - a +0 helmet (worn)
 h - a +0 pair of boots (worn)
Jewellery
 i - an amulet of reflection
Scrolls
 g - a scroll of immolation
 j - a scroll of enchant weapon {unknown}
 k - a scroll of identify
Potions
 f - a potion of curing


   Skills:
 + Level 2.7 Fighting
 + Level 3.2 Polearms
 - Level 1.7 Throwing
 + Level 1.4 Armour
 + Level 3.2 Dodging


You had 3 spell levels left.
You didn't know any spells.
Your spell library contained the following spells:

 Spells                   Type           Power      Damage    Failure   Level
 Wereblood                Tmut           0%         N/A       58%         2
 Irradiate                Conj/Tmut      0%         3d11      100%        5


Dungeon Overview and Level Annotations

Branches:
Dungeon (2/15)

Altars:


Innate Abilities, Weirdness & Mutations

You have sharp fingernails.
You may rarely emit foul miasma when damaged in melee.
You are partially covered in razor-sharp scales. (AC +1, Slay +1)


Message History

You puncture the hobgoblin!
You kill the hobgoblin!
Key pressed, stopping explore.
No target in view!
No target in view!
k - a scroll of identify No target in view!
An endoplasm comes into view.
The endoplasm quivers.
An endoplasm is nearby!
An endoplasm is nearby!
You hit the endoplasm.
The endoplasm is almost dead.
The endoplasm hits you but does no damage. x2
You puncture the endoplasm!
You kill the endoplasm!
You have reached level 4!
You feel stronger.
Your demonic ancestry asserts itself...
Your fingernails lengthen.
Found a stone staircase leading down.
Found a leather armour.
Search for what [Enter for "."]?
Okay, then.
Unknown command.
What level of the Dungeon? (default 2, ? - help)
Found a bubbling dark potion.
There is a stone staircase leading up here.
You climb upwards.
There is a stone staircase leading down here.
Press: ? - help, . - travel You can't see that place. [a staircase leading out of the dungeon.]
You see here a +0 club.
You see here a +0 club.
You see here 5 stones.
There is an open door here.
There is an open door here.
There is an open door here.
There is a staircase leading out of the dungeon here.
You have escaped!

.....#####..#####################
##.##.......#.....'.....'........
...........)##....##..⌠.##...####
#...........###...###...###...##
#..##.###...# ##..# ##..# ##...##
#..##.##....# ##.# ##.# ##...#
..###.#.....#####'#####'# ##...
#.###.##....#.....'.....# ##..
......##....##..@.##....# ##.
########.#..###...###...# ## #
#.##.# ##..# ##..# #
########.#### ##.# ##.#
#...........######### ###
#.#####..####.#.....#
#.#####..####.####..#
#.##........#.......#
#.##..#..##.#######.#


There were no monsters in sight!

Vanquished Creatures
  Natasha (D:2)
  A worm (D:2)
  2 dart slugs (D:1)
  4 endoplasms
  A giant cockroach (D:1)
  3 goblins (D:1)
  8 hobgoblins
  2 jackals (D:1)
  A kobold (D:1)
  2 quokkas (D:1)
  2 ball pythons (D:1)
  2 bats (D:1)
  A frilled lizard (D:2)
  A rat (D:1)
31 creatures vanquished.

Notes
Turn   | Place    | Note
-------+----------+-------------------------------------------
     0 | D:1      | Demosthentine the Demonspawn Gladiator began the quest for
                  | the Orb.
     0 | D:1      | Reached XP level 1. HP: 16/16 MP: 1/1
   138 | D:1      | Gained mutation: You are partially covered in razor-sharp
                  | scales. (AC +1, Slay +1) [demonic ancestry]
   138 | D:1      | Reached XP level 2. HP: 22/22 MP: 2/2
   426 | D:1      | Reached skill level 1 in Armour
   461 | D:1      | Gained mutation: You may rarely emit foul miasma when
                  | damaged in melee. [demonic ancestry]
   461 | D:1      | Reached XP level 3. HP: 28/28 MP: 3/3
   890 | D:2      | Noticed Natasha
  1024 | D:2      | Killed Natasha
  1179 | D:2      | Gained mutation: You have sharp fingernails. [demonic
                  | ancestry]
  1179 | D:2      | Reached XP level 4. HP: 34/34 MP: 4/4
  1340 | D:$      | Got out of the dungeon alive.

Illustrated notes

Levels and vault maps discovered:
D:1:      dpeg_arrival_triangle_fractal, layout_loops_cross, chequers_jeans
D:2:      minmay_chambers_of_twos, layout_basic, small_statue_intersection,
          uniq_crazy_yiuf_cottage, uniq_sigmund, uniq_natasha

Skill      XL: |  1  2 |
---------------+-------+-----
Polearms       | 3 |  3.2
Armour         | 1 |  1.4
Dodging        | 3 |  3.2
Fighting       | |  2.7
Throwing       | |  1.7

Action                     |  1- 3 |  4- 6 || total
---------------------------+-------+-------++-------
  Melee: Trident           |    90 |       ||    90
    Use: Scroll            |     5 |       ||     5
   Stab: Sleeping          |     6 |       ||     6
         Distracted        |     1 |       ||     1
 Armour: Leather armour    |    41 |       ||    41
  Dodge: Dodged            |    35 |       ||    35

Table legend: (Time is in decaauts)
 A = Elapsed time spent in this place.
 B = Non-inter-level travel time spent in this place.
 C = Inter-level travel time spent in this place.
 D = Time resting spent in this place.
 E = Time spent auto-exploring this place.
 F = Levels seen in this place.
 G = Mean time per level.
                   A        B        C        D        E       F      G
               +--------+--------+--------+--------+--------+-----+--------+
         Total |   1355 |   1172 |    183 |     32 |    891 |   2 |  677.5 |
       Dungeon |   1355 |   1172 |    183 |     32 |    891 |   2 |  677.5 |
               +--------+--------+--------+--------+--------+-----+--------+

Top non-repeatable levels by time:
     D:1: 1053 daAuts
     D:2: 301 daAuts
